 Dungeon Crawl Stone Soup version 0.31-a0-174-g85c54bcb58 (webtiles) character file.

Game seed: 4120071095764106452

2898 qw the Cleaver (level 9, 0/57 HPs)
             Began as a Gargoyle Fighter on June 15, 2023.
             Was a Follower of Okawaru.
             Slain by a vampire (10 damage)
             ... on level 10 of the Dungeon.
             The game lasted 00:03:08 (6082 turns).

qw the Cleaver (Gargoyle Fighter)                   Turns: 6082, Time: 00:03:09

Health: 0/57       AC: 21    Str: 24    XL:     9   Next: 77%
Magic:  11/11      EV:  8    Int:  9    God:    Okawaru [*.....]
Gold:   304        SH:  4    Dex:  9    Spells: 8/8 levels left

rFire   + . .        Y - +1 war axe (elec)
rCold   + . .        c - +0 buckler
rNeg    + . .        f - +3 chain mail {rF+}
rPois   inf          o - +1 helmet
rElec   +            (no cloak)
rCorr   +            (no gloves)
SInv    .            (no boots)
Will    .....        g - amulet of faith Stlth
                     m - ring of protection from cold
HPRegen 0.29/turn    e - ring of resist corrosion
MPRegen 0.12/turn

%: faith
@: no status effects
A: sickness immunity, AC +6, negative energy resistance 1, electricity
resistance, torment resistance 1, petrification resistance
a: Renounce Religion, Heroism


You were on level 10 of the Dungeon.
You worshipped Okawaru.
Okawaru was aware of your devotion.
You visited 2 branches of the dungeon, and saw 9 of its levels.

You collected 379 gold pieces.
You spent 75 gold pieces at shops.


Innate Abilities, Weirdness & Mutations

You are immune to sickness and miasma.
Your stone body is resilient. (AC +6)
You are immune to poison.
You resist negative energy. (rN+)
You are resistant to electric shocks. (rElec)
You are resistant to unholy torment.
You are immune to petrification.


   Skills:
 - Level 7.0 Fighting
 + Level 9.7 Axes
 - Level 1.2 Throwing
 - Level 4.5 Armour
 - Level 1.6 Dodging
 - Level 4.5 Shields
 + Level 3.0 Invocations


You had 8 spell levels left.
You didn't know any spells.
Your spell library was empty.

Inventory:

Hand Weapons
 j - a +0 flail
 Y - a +1 war axe of electrocution (weapon)
Missiles
 x - 6 boomerangs (quivered)
Armour
 c - a +0 buckler (worn)
 f - a +3 chain mail of fire resistance (worn)
 o - a +1 helmet (worn)
 s - a +0 plate armour
Jewellery
 e - a ring of resist corrosion (right hand)
 g - an amulet of faith (around neck)
 m - a ring of protection from cold (left hand)
 y - a ring of protection from fire
Scrolls
 h - 2 scrolls of teleportation
 l - a scroll of revelation {unknown}
 n - 2 scrolls of identify
Potions
 a - a potion of cancellation
 b - a potion of resistance
 d - a potion of might
 i - a potion of lignification
 k - a potion of mutation
 q - 2 potions of haste
 r - a potion of brilliance {unknown}
 t - a potion of attraction
 u - a potion of magic {unknown}
 v - a potion of berserk rage {unknown}
 w - a potion of degeneration {unknown}

Dungeon Overview and Level Annotations

Branches:
Dungeon (7/15)             Temple (1/1) D:5

Altars:
Ashenzari
Cheibriados
Dithmenos
Elyvilon
Gozag
Hepliaklqana
Makhleb
Nemelex Xobeh
Okawaru
Ru
Sif Muna
Trog
Uskayaw
Vehumet
Wu Jian
Xom
Yredelemnul
Zin
The Shining One

Shops:
D:3 *   D:10 [

Annotations:
D:2 1 runed translucent door, Crazy Yiuf


Message History

You throw a boomerang.
The boomerang hits the vampire but does no damage.
The vampire is lightly damaged.
The vampire gestures at you while chanting.
You are confused.
The vampire hits you but does no damage.
The vampire bites you but does no damage.
The vampire hits you. The vampire bites you.
The vampire hits you but does no damage.
The vampire bites you but does no damage.
The vampire hits you.
The vampire bites you but does no damage.
You feel less confused.
The vampire mumbles some strange words.
The vampire flickers and vanishes!
Deactivating autopickup; reactivate with Ctrl-A.
You slash something! Something hits you but does no damage.
Something bites you.
You barely miss something. Something completely misses you.
You block something's attack.
You closely miss something. Something hits you but does no damage.
Something bites you but does no damage.
You closely miss something. Something hits you but does no damage.
Something bites you.
You barely miss something. Something hits you but does no damage.
Something bites you!
You closely miss something. Something hits you! Something bites you!
You miss something. Something hits you but does no damage. Something bites you.
You hit something but do no damage. Something hits you but does no damage.
Something bites you but does no damage.
You miss something. Something hits you but does no damage.
Something bites you but does no damage.
You closely miss something.
You hear some strange, mumbled words.
Something tries to affect you, but you resist.
You closely miss something. Something hits you!
You die...

####### .##...# #
.##'### .# .#...# ..#
.'.#.## ###...# .#...'#
#####......# .#...#####
+....{...# .#.......#
#.#.@# #.# .#.#...#.#
#....##....#
##.......####..........#
##'##...##.##...###.....
....#...'....+'+..'.##..
.####..)####.'\+.##....
.##.###'# #.+++.# ##
....# ... .... .#
##'######'##### ##


There were no monsters in sight!

Vanquished Creatures
  A troll (D:10)
  Prince Ribbit (D:5)
  A wyvern (D:7)
  Duvessa (D:7)
  2 water moccasins
  2 orc warriors (D:7)
  A centaur (D:10)
  3 phantoms
  3 scorpions
  Dowan (D:7)
  6 killer bees (D:5)
  A howler monkey (D:10)
  3 hounds
  2 jellies
  2 orc priests (D:7)
  A gnoll bouda (D:5)
  6 iguanas
  Jessica (D:2)
  12 orc wizards
  Terence (D:2)
  5 gnolls (D:5)
  6 adders
  A shadow imp (D:7)
  2 worms
  3 dart slugs
  23 orcs
  5 ball pythons
  A bat (D:2)
  10 endoplasms
  3 giant cockroaches (D:3)
  A goblin (D:3)
  13 hobgoblins
  11 jackals
  7 kobolds
  6 quokkas
  4 frilled lizards
  5 rats
157 creatures vanquished.

Notes
Turn   | Place    | Note
-------+----------+-------------------------------------------
     0 | D:1      | qw the Gargoyle Fighter began the quest for the Orb.
     0 | D:1      | Reached XP level 1. HP: 14/14 MP: 1/1
     0 | D:1      | 0 ||| qw: Version: 0.2-a-29-g511e9b1
     0 | D:1      | 0 ||| qw: Game counter: 5461
     0 | D:1      | 0 ||| qw: Always use a shield: true
     0 | D:1      | 0 ||| qw: God list: Okawaru
     0 | D:1      | 0 ||| qw: Allow faded altars: false
     0 | D:1      | 0 ||| qw: Do Orc after D:15 true
     0 | D:1      | 0 ||| qw: Do second Lair branch before Depths: true
     0 | D:1      | 0 ||| qw: Lair rune preference: random
     0 | D:1      | 0 ||| qw: Plans: Normal, Zot:1-4, Slime:5, God:TSO, Crypt,
                  | Tomb, Abyss, Pan, Hells, Win
     0 | D:1      | 0 ||| PLANNING D:1-11
    62 | D:1      | Reached skill level 2 in Axes
   164 | D:1      | 164 ||| Stepping ~*~*~tactically~*~*~ (stealth).
   169 | D:1      | Reached XP level 2. HP: 19/19 MP: 2/2
   233 | D:1      | 233 ||| Stepping ~*~*~tactically~*~*~ (stealth).
   237 | D:1      | 237 ||| Stepping ~*~*~tactically~*~*~ (hiding).
   254 | D:1      | 254 ||| FLEEEEING.
   409 | D:1      | Reached skill level 3 in Axes
   678 | D:1      | Reached XP level 3. HP: 21/23 MP: 3/3
   995 | D:1      | 995 ||| UPGRADING to +0 scale mail of cold resistance.
  1005 | D:1      | 1005 ||| DROPPING +0 scale mail.
  1006 | D:1      | 1006 ||| UPGRADING to +0 chain mail.
  1016 | D:1      | 1016 ||| UPGRADING to +0 helmet.
  1021 | D:1      | 1021 ||| UPGRADING to ring of protection from cold.
  1022 | D:1      | 1022 ||| READING scroll labelled REIWUSINT.
  1023 | D:1      | 1023 ||| READING 2 scrolls labelled POAMEAHACI.
  1024 | D:1      | 1024 ||| READING scroll of enchant armour.
  1024 | D:1      | 1024 ||| ENCHANTING +0 helmet.
  1025 | D:1      | 1025 ||| READING scroll labelled ZIULAAROEJ.
  1026 | D:1      | 1026 ||| READING scroll labelled QIV GARGHULOTS.
  1027 | D:1      | 1027 ||| READING scroll labelled MOLLEK JAUSE.
  1121 | D:2      | Noticed Terence
  1127 | D:2      | Killed Terence
  1138 | D:2      | Noticed Jessica
  1139 | D:2      | 1139 ||| Stepping ~*~*~tactically~*~*~ (hiding).
  1146 | D:2      | Killed Jessica
  1147 | D:2      | Reached skill level 4 in Axes
  1147 | D:2      | Reached XP level 4. HP: 18/28 MP: 4/4
  1209 | D:2      | Found a runed translucent door.
  1210 | D:2      | Noticed Crazy Yiuf
  1322 | D:2      | 1322 ||| Stepping ~*~*~tactically~*~*~ (stealth).
  1395 | D:2      | 1395 ||| Stepping ~*~*~tactically~*~*~ (hiding).
  1627 | D:2      | 1627 ||| DROPPING +0 club.
  1709 | D:2      | Reached XP level 5. HP: 31/32 MP: 5/5
  2131 | D:2      | 2131 ||| UPGRADING to +3 chain mail of fire resistance.
  2141 | D:2      | 2141 ||| DROPPING +0 scale mail of cold resistance.
  2142 | D:2      | 2142 ||| DROPPING +0 chain mail.
  2143 | D:2      | 2143 ||| READING scroll labelled QIEN JITAUKYNU.
  2144 | D:2      | 2144 ||| READING scroll labelled NACLI HUEKKUNK.
  2145 | D:2      | 2145 ||| READING scroll labelled AKAFESH ODIK.
  2146 | D:2      | 2146 ||| READING 2 scrolls labelled UHORAWOBEG.
  2147 | D:2      | 2147 ||| DRINKING 2 cyan potions.
  2148 | D:2      | 2148 ||| DROPPING scroll of amnesia.
  2235 | D:3      | Found a sacrificial altar of Ru.
  2369 | D:3      | Reached skill level 5 in Axes
  2675 | D:3      | Found Ifoycuawn's Assorted Antiques.
  2681 | D:3      | 2681 ||| BUYING scroll of teleportation (75 gold).
  2681 | D:3      | Bought a scroll of teleportation for 75 gold pieces
  2681 | D:3      | 2681 ||| SHOPLISTING shiny cabochon ring (125 gold, have
                  | 66).
  2681 | D:3      | 2681 ||| SHOPLISTING shiny helmet (187 gold, have 66).
  2992 | D:3      | 2992 ||| UPGRADING to amulet of faith.
  2997 | D:3      | 2997 ||| READING scroll labelled YMEF ZIONA.
  3111 | D:4      | Reached XP level 6. HP: 36/38 MP: 6/6
  3720 | D:4      | 3720 ||| UPGRADING to ring of resist corrosion.
  3721 | D:4      | 3721 ||| READING 2 scrolls of identify.
  3721 | D:4      | 3721 ||| IDENTIFYING fuming purple potion
  3748 | D:5      | Entered Level 5 of the Dungeon
  3791 | D:5      | Noticed a water moccasin
  3798 | D:5      | Killed a water moccasin
  3799 | D:5      | Reached skill level 6 in Axes
  3849 | D:5      | 3849 ||| Stepping ~*~*~tactically~*~*~ (stealth).
  3857 | D:5      | 3857 ||| Stepping ~*~*~tactically~*~*~ (stealth).
  3874 | D:5      | 3874 ||| Stepping ~*~*~tactically~*~*~ (hiding).
  3991 | D:5      | 3991 ||| Stepping ~*~*~tactically~*~*~ (stealth).
  3993 | D:5      | 3993 ||| Stepping ~*~*~tactically~*~*~ (stealth).
  4002 | D:5      | Reached skill level 1 in Dodging
  4002 | D:5      | Reached XP level 7. HP: 43/43 MP: 7/7
  4024 | D:5      | Noticed Prince Ribbit
  4025 | D:5      | 4025 ||| Stepping ~*~*~tactically~*~*~ (stealth).
  4059 | D:5      | Killed Prince Ribbit
  4060 | D:5      | Reached skill level 7 in Axes
  4147 | D:5      | Reached XP level 8. HP: 28/49 MP: 8/8
  4284 | D:5      | Found a staircase to the Ecumenical Temple.
  4285 | D:5      | 4285 ||| PLANNING TEMPLE
  4355 | D:5      | 4355 ||| Stepping ~*~*~tactically~*~*~ (stealth).
  4421 | D:5      | 4421 ||| READING scroll of brand weapon.
  4421 | D:5      | 4421 ||| BRANDING +1 war axe of protection.
  4671 | D:5      | Reached skill level 8 in Axes
  4734 | D:5      | 4734 ||| DRINKING 2 grey potions.
  4763 | D:5      | 4763 ||| DRINKING 2 lumpy grey potions.
  4764 | D:5      | 4764 ||| DRINKING 2 fizzy white potions.
  4765 | D:5      | 4765 ||| READING 4 scrolls of identify.
  4765 | D:5      | 4765 ||| IDENTIFYING fizzy coppery potion
  4766 | D:5      | 4766 ||| READING 3 scrolls of identify.
  4766 | D:5      | 4766 ||| IDENTIFYING coppery potion
  4767 | D:5      | 4767 ||| READING 2 scrolls of identify.
  4767 | D:5      | 4767 ||| IDENTIFYING orange potion
  4768 | D:5      | 4768 ||| DROPPING potion of invisibility.
  4833 | D:6      | Reached skill level 1 in Throwing
  4844 | D:6      | Reached skill level 6 in Fighting
  4858 | D:6      | 4858 ||| FLEEEEING.
  4998 | D:6      | 4998 ||| READING 2 scrolls of identify.
  4998 | D:6      | 4998 ||| IDENTIFYING blue potion
  4999 | D:6      | 4999 ||| DROPPING potion of ambrosia.
  5004 | D:6      | 5004 ||| STAIRDANCE
  5027 | D:6      | Found an ornate altar of the Wu Jian Council.
  5038 | D:6      | Found a burning altar of Makhleb.
  5066 | D:6      | Identified the +8 sling "Fuogoyg" {flame, rPois rCorr
                  | Dex-5}
  5120 | D:6      | 5120 ||| STAIRDANCE
  5127 | Temple   | Entered the Ecumenical Temple
  5152 | Temple   | 5152 ||| PLANNING OKAWARU WORSHIP
  5218 | Temple   | Became a worshipper of Warmaster Okawaru
  5219 | Temple   | 5219 ||| PLANNING D:1-11
  5485 | D:7      | Noticed Duvessa
  5486 | D:7      | Noticed Dowan
  5489 | D:7      | Reached XP level 9. HP: 55/55 MP: 9/9
  5497 | D:7      | Killed Dowan
  5498 | D:7      | Reached skill level 9 in Axes
  5498 | D:7      | HP: 10/55 [Duvessa/+0 short sword (11)]
  5499 | D:7      | 5499 ||| READING 3 scrolls of teleportation.
  5500 | D:7      | 5500 ||| DRINKING potion of heal wounds.
  5507 | D:7      | 5507 ||| DRINKING 2 potions of curing.
  5507 | D:7      | 5507 ||| (to cure confusion)
  5565 | D:7      | Killed Duvessa
  5747 | D:7      | 5747 ||| Stepping ~*~*~tactically~*~*~ (stealth).
  5755 | D:7      | 5755 ||| Stepping ~*~*~tactically~*~*~ (stealth).
  5785 | D:7      | Reached * piety under Okawaru
  5787 | D:7      | 5787 ||| INVOKING Heroism.
  5791 | D:7      | 5791 ||| DRINKING potion of curing.
  5791 | D:7      | 5791 ||| (to cure confusion)
  5856 | D:7      | 5856 ||| Stepping ~*~*~tactically~*~*~ (stealth).
  5868 | D:7      | Reached skill level 1 in Invocations
  5872 | D:7      | 5872 ||| Stepping ~*~*~tactically~*~*~ (hiding).
  5908 | D:7      | You fall into a shaft and drop 3 floors!
  5908 | D:10     | Entered Level 10 of the Dungeon
  5908 | D:10     | Found a hazy altar of Hepliaklqana.
  5908 | D:10     | Found a glowing golden altar of the Shining One.
  5988 | D:10     | Found Zotigale's Armour Shop.
  5988 | D:10     | Noticed a troll
  5989 | D:10     | 5989 ||| Stepping ~*~*~tactically~*~*~ (stealth).
  5990 | D:10     | 5990 ||| INVOKING Heroism.
  6001 | D:10     | Killed a troll
  6029 | D:10     | Reached skill level 3 in Invocations
  6056 | D:10     | 6056 ||| SHOPLISTING +2 plate armour of willpower (480
                  | gold, have 304).
  6078 | D:10     | HP: 9/57 [something (6)]
  6082 | D:10     | Slain by a vampire

Levels and vault maps discovered:
D:1:      dpeg_arrival_arbitrary_a, layout_basic,
          hangedman_abyss_or_decor_lesser_grid
D:2:      minmay_alternating_diamond, layout_basic, minmay_misc_feat_doors,
          uniq_crazy_yiuf_cottage, uniq_jessica, uniq_terence
D:3:      layout_basic, nicolae_ru_sacrificial_ziggurat, serial_shops,
          shop_statue
D:4:      layout_loops_cross
D:5:      layout_basic, minmay_temple_entry_from_below_a, uniq_prince_ribbit1
D:6:      layout_rooms, amethyst_overflow_temple_binary
D:7:      minmay_flawed_box, layout_cave_pools, uniq_duvessa
D:10:     layout_stronghold, minmay_overflow_temple_star_quad,
          due_lair_maze_entry_diamond, serial_shops, nicolae_shop_tiny_glass,
          nicolae_shop_tiny_real_fake_doors, dk_rats_in_the_wall
Temple:   nicolae_temple_great_sept

Skill      XL: |  1  2  3  4  5  6  7  8  9 |
---------------+----------------------------+-----
Axes           | 2 3 4 5 6 7 8 9 |  9.7
Fighting       | 4 5 6 7 |  7.0
Dodging        | 1 |  1.6
Throwing       | 1 |  1.2
Armour         | 4 |  4.5
Shields        | 4 |  4.5
Invocations    | 3 |  3.0

Action                     |  1- 3 |  4- 6 |  7- 9 || total
---------------------------+-------+-------+-------++-------
  Melee: War axe           |   111 |   164 |   243 ||   518
  Throw: Boomerang         |       |       |    32 ||    32
 Invoke: Heroism           |       |       |     2 ||     2
    Use: Scroll            |     6 |     6 |     6 ||    18
         Potion            |       |     1 |     6 ||     7
 Armour: Scale mail        |    49 |       |       ||    49
         Chain mail        |    11 |    90 |   221 ||   322
  Dodge: Dodged            |    46 |    35 |   117 ||   198
  Block: Buckler           |    15 |    33 |    65 ||   113

Table legend:
 A = Non-vault XP
 B = Vault XP
 C = Vault XP percentage of total XP
 D = Non-vault monster count
 E = Vault monster count
 F = Vault count percentage of total count
                 A         B        C        D         E       F
            +---------+---------+-------+---------+---------+-------
      Total |    3323 |     818 |  19.8 |     141 |      16 |  10.2
            +---------+---------+-------+---------+---------+-------
        D:1 |      34 |       0 |   0.0 |      20 |       0 |   0.0
        D:2 |      68 |      81 |  54.4 |      22 |       6 |  21.4
        D:3 |      92 |       0 |   0.0 |      22 |       0 |   0.0
        D:4 |     130 |       0 |   0.0 |       9 |       0 |   0.0
        D:5 |     954 |     264 |  21.7 |      32 |       1 |   3.0
        D:6 |     615 |       0 |   0.0 |       9 |       0 |   0.0
        D:7 |     944 |     473 |  33.4 |      24 |       9 |  27.3
       D:10 |     486 |       0 |   0.0 |       3 |       0 |   0.0
            +---------+---------+-------+---------+---------+-------
